Connexion

NEW YORK Islanders vs DETROIT Red Wings

Created - 7 février 2024 at 05:50

Goals
1 2 3 T
NEW YORK Islanders 0 2 1 3
DETROIT Red Wings 2 1 1 4
Shots
1 2 3 T
NEW YORK Islanders 9 13 5 27
DETROIT Red Wings 9 12 7 28

GoalsPenalties
1st period
1. DETROIT Red Wings , Erik Karlsson 13 (Jamie Benn 27) at 6:23
2. DETROIT Red Wings , Mike Amadio 13 (Gabriel Landeskog 14, Zach Whitecloud 14) at 11:30
Tanner Jeannot (DET) for Tripping (Minor) at 9:03
Morgan Rielly (DET) for Hooking (Minor) at 12:07
2nd period
3. NEW YORK Islanders , Marco Scandella 4 (Kyle Palmieri 35, Kevin Shattenkirk 34) at 9:38
4. DETROIT Red Wings , Mikko Rantanen 20 (Erik Karlsson 33, Nathan Mackinnon 31) at 13:11 (PP)
5. NEW YORK Islanders , Vincent Trocheck 11 (Brendan Leipsic 9, Ilya Mikheyev 16) at 15:38
Zach Whitecloud (DET) for Roughing (Minor) at 5:42
Kevin Shattenkirk (NYI) for Tripping (Minor) at 12:26
3rd period
6. NEW YORK Islanders , Kyle Palmieri 28 (Jeff Skinner 45, Marco Scandella 28) at 0:40
7. DETROIT Red Wings , Nathan Mackinnon 15 (Mikko Rantanen 30, Jake Bean 22) at 13:16
Sami Niku (DET) for Hooking (Minor) at 1:54
Devon Toews (DET) for Hooking (Minor) at 8:10
Drake Batherson (DET) for Hooking (Minor) at 16:11
Goalie Stats
Logan Thompson (NYI), 24 saves from 28 shots - (0,857), L, 17-15-1, 60:00 minutes
Elvis Merzlikins (DET), 24 saves from 27 shots - (0,889), W, 25-29-2, 60:00 minutes
3 StarsOfficial
1 - Kyle Palmieri (NYI)
2 - Mikko Rantanen (DET)
3 - Marco Scandella (NYI)
Referees : Tim Peel and Eric Furlatt
Linesman : Darren Gibbs and Brian Mach
Game Note
No Game Note
Finance
Level 1 -- Attendance: 5332 (88,87%) -- Ticket Income $613,180
Level 2 -- Attendance: 5532 (78,29%) -- Ticket Income $414,900
Level 3 -- Attendance: 1842 (92,10%) -- Ticket Income $101,310
Level 4 -- Attendance: 3599 (89,98%) -- Ticket Income $115,168
Luxury Box -- Attendance: 957 (95,70%) -- Ticket Income $217,239
Game was played at the Joe Louis Arena.
Total Attendance: 17262 (86,03%)
Total Ticket Income: $1,461,797
Other Income: $292,359
Total Income: $1,754,156



Team Name Goals Shots Shots Attemp Shots Blocked PIM HIT PP PK FO%
NEW YORK Islanders 32762102210 / 6 (0%)144%
DETROIT Red Wings 428541312171 / 1 (100%)056%

NEW YORK Islanders
Player Name POS G A P +/- PIM HIT SHT SB MP PP MP PP SHT PK MP PK SHT FO% FOT
Adam HenriqueC/LW0002002121:396:5000:000100% 1
Adam PelechD000-2040119:485:3900:0800% 0
Alexander RadulovRW000-100007:350:0000:00050% 2
Anthony DuclairLW/RW000-1026018:285:0420:0000% 1
Brendan LeipsicC/LW0110002011:330:0000:0000% 0
Brendan LemieuxLW000-100007:350:0000:0000% 0
Calle RosenD000-2000019:044:5500:0800% 0
Ilya MikheyevRW0110002011:330:0000:000100% 1
Jeff SkinnerC/LW0112001022:246:5000:45038% 26
Josh BaileyC/LW/RW000-1013018:285:0400:00045% 29
Kevin ShattenkirkD0111201223:136:1510:0000% 0
Kyle PalmieriRW1122065022:246:5020:4500% 4
Marco ScandellaD1121031124:206:1500:3700% 0
Nicklas BackstromC000-100007:350:0000:00067% 6
Nikolai KnyzhovD0001001316:360:4410:0000% 0
Patrik LaineLW/RW000-1031018:285:0400:0000% 1
Riley StillmanD0001000216:580:0000:3700% 0
Vincent TrocheckC1010022011:330:0000:00056% 9
DETROIT Red Wings
Player Name POS G A P +/- PIM HIT SHT SB MP PP MP PP SHT PK MP PK SHT FO% FOT
Ben MeyersC/LW000000000:200:0000:0000% 0
Devon ToewsD0000232224:430:2904:5910% 0
Drake BathersonC/RW000-1222019:260:1603:20067% 18
Erik KarlssonD1120003225:270:2905:4200% 0
Gabriel LandeskogLW/RW0110001012:310:0000:0000% 1
Jake BeanD0110010121:340:1606:1200% 0
Jamie BennC/LW0111052026:180:2917:10051% 37
Mark StoneRW000-1005120:240:1604:170100% 3
Mike AmadioC/LW/RW1010001014:010:0001:30053% 15
Mikko RantanenC/LW/RW1121023015:380:2910:2700% 0
Morgan RiellyD0000221320:000:1614:3900% 0
Nathan MackinnonC/RW1121004122:150:2907:0400% 0
Noah GregorC000000104:170:0000:00040% 5
Sami NikuD0000200114:060:0001:0800% 0
Tanner JeannotLW/RW0000211112:300:0000:000100% 1
Tyler BensonLW000000004:170:0000:0000% 0
Valeri NichushkinLW/RW000-1012116:070:1600:0000% 0
Zach WhitecloudD0110200014:060:0001:0800% 0



Play-by-Play

1st period


0:01 of 1st period - Jamie Benn wins face-off versus Jeff Skinner in neutral zone.
0:22 of 1st period - Shot by Jeff Skinner.
0:22 of 1st period - Shot Blocked by Nathan Mackinnon.
1:12 of 1st period - Shot by Anthony Duclair.
1:12 of 1st period - Stopped by Elvis Merzlikins without a rebound.
1:13 of 1st period - Mike Amadio wins face-off versus Vincent Trocheck in DETROIT Red Wings zone.
2:10 of 1st period - Off-side.
2:11 of 1st period - Drake Batherson wins face-off versus Alexander Radulov in neutral zone.
2:22 of 1st period - Shot by Mark Stone.
2:22 of 1st period - Stopped by Logan Thompson without a rebound.
2:23 of 1st period - Josh Bailey wins face-off versus Noah Gregor in NEW YORK Islanders zone.
2:27 of 1st period - Icing by Anthony Duclair.
2:28 of 1st period - Josh Bailey wins face-off versus Drake Batherson in NEW YORK Islanders zone.
2:28 of 1st period - Josh Bailey is hit by Drake Batherson.
2:34 of 1st period - Shot by Josh Bailey.
2:34 of 1st period - Shot Blocked by Morgan Rielly.
2:36 of 1st period - Shot by Josh Bailey.
2:36 of 1st period - Deflect By Patrik Laine.
2:36 of 1st period - Stopped by Elvis Merzlikins without a rebound.
2:37 of 1st period - Drake Batherson wins face-off versus Jeff Skinner in DETROIT Red Wings zone.
2:37 of 1st period - Morgan Rielly is hit by Kyle Palmieri and loses puck.
2:47 of 1st period - Adam Henrique is hit by Morgan Rielly.
3:05 of 1st period - Shot by Valeri Nichushkin.
3:05 of 1st period - Stopped by Logan Thompson without a rebound.
3:06 of 1st period - Noah Gregor wins face-off versus Josh Bailey in NEW YORK Islanders zone.
3:19 of 1st period - Shot by Anthony Duclair.
3:19 of 1st period - Stopped by Elvis Merzlikins without a rebound.
3:20 of 1st period - Jamie Benn wins face-off versus Nicklas Backstrom in DETROIT Red Wings zone.
3:29 of 1st period - Shot by Devon Toews.
3:29 of 1st period - Stopped by Logan Thompson without a rebound.
3:30 of 1st period - Drake Batherson wins face-off versus Jeff Skinner in NEW YORK Islanders zone.
4:46 of 1st period - Shot by Anthony Duclair.
4:46 of 1st period - Stopped by Elvis Merzlikins without a rebound.
4:47 of 1st period - Nicklas Backstrom wins face-off versus Mike Amadio in DETROIT Red Wings zone.
4:48 of 1st period - Shot by Alexander Radulov.
4:48 of 1st period - Shot Blocked by Sami Niku.
5:02 of 1st period - Shot by Brendan Lemieux.
5:02 of 1st period - Shot Misses the Net.
6:23 of 1st period - Shot by Erik Karlsson.
6:23 of 1st period - Goal by Erik Karlsson - NEW YORK Islanders : 0 - DETROIT Red Wings : 1.
6:24 of 1st period - Drake Batherson wins face-off versus Vincent Trocheck in neutral zone.
6:52 of 1st period - Ilya Mikheyev is hit by Jake Bean and loses puck.
7:01 of 1st period - Shot by Ilya Mikheyev.
7:01 of 1st period - Shot Misses the Net.
7:03 of 1st period - Shot by Ilya Mikheyev.
7:03 of 1st period - Shot Blocked by Mark Stone.
7:05 of 1st period - Shot by Adam Pelech.
7:05 of 1st period - Shot Misses the Net.
7:07 of 1st period - Shot by Calle Rosen.
7:07 of 1st period - Shot Misses the Net.
7:31 of 1st period - Shot by Adam Henrique.
7:31 of 1st period - Stopped by Elvis Merzlikins with a rebound.
8:21 of 1st period - Shot by Josh Bailey.
8:21 of 1st period - Stopped by Elvis Merzlikins without a rebound.
8:22 of 1st period - Noah Gregor wins face-off versus Nicklas Backstrom in DETROIT Red Wings zone.
8:49 of 1st period - Shot by Erik Karlsson.
8:49 of 1st period - Stopped by Logan Thompson without a rebound.
8:50 of 1st period - Tanner Jeannot wins face-off versus Josh Bailey in NEW YORK Islanders zone.
9:03 of 1st period - Minor Penalty to Tanner Jeannot for Tripping.
9:04 of 1st period - Jamie Benn wins face-off versus Jeff Skinner in DETROIT Red Wings zone.
10:28 of 1st period - Shot by Anthony Duclair.
10:28 of 1st period - Stopped by Elvis Merzlikins without a rebound.
10:29 of 1st period - Jeff Skinner wins face-off versus Jamie Benn in DETROIT Red Wings zone.
10:30 of 1st period - Shot by Kyle Palmieri.
10:30 of 1st period - Stopped by Elvis Merzlikins without a rebound.
10:31 of 1st period - Jamie Benn wins face-off versus Jeff Skinner in DETROIT Red Wings zone.
11:30 of 1st period - Shot by Mike Amadio.
11:30 of 1st period - Goal by Mike Amadio - NEW YORK Islanders : 0 - DETROIT Red Wings : 2.
11:31 of 1st period - Drake Batherson wins face-off versus Josh Bailey in neutral zone.
12:07 of 1st period - Minor Penalty to Morgan Rielly for Hooking.
12:08 of 1st period - Jamie Benn wins face-off versus Kyle Palmieri in DETROIT Red Wings zone.
12:25 of 1st period - Marco Scandella is hit by Jamie Benn and loses puck.
14:05 of 1st period - Shot by Kevin Shattenkirk.
14:05 of 1st period - Stopped by Elvis Merzlikins without a rebound.
14:06 of 1st period - Josh Bailey wins face-off versus Drake Batherson in DETROIT Red Wings zone.
15:38 of 1st period - Valeri Nichushkin is hit by Adam Pelech.
15:40 of 1st period - Shot by Drake Batherson.
15:40 of 1st period - Shot Misses the Net.
16:01 of 1st period - Noah Gregor is hit by Adam Pelech and loses puck.
16:06 of 1st period - Shot by Jamie Benn.
16:06 of 1st period - Shot Blocked by Adam Pelech.
16:08 of 1st period - Shot by Morgan Rielly.
16:08 of 1st period - Shot Misses the Net.
16:18 of 1st period - Shot by Jamie Benn.
16:18 of 1st period - Shot Misses the Net.
17:21 of 1st period - Icing by Erik Karlsson.
17:22 of 1st period - Alexander Radulov wins face-off versus Mike Amadio in DETROIT Red Wings zone.
17:23 of 1st period - Shot by Nicklas Backstrom.
17:23 of 1st period - Shot Blocked by Devon Toews.
18:01 of 1st period - Shot by Mark Stone.
18:01 of 1st period - Stopped by Logan Thompson with a rebound.
18:03 of 1st period - Shot by Valeri Nichushkin.
18:03 of 1st period - Shot Blocked by Riley Stillman.
18:05 of 1st period - Shot by Valeri Nichushkin.
18:05 of 1st period - Shot Misses the Net.
18:12 of 1st period - Brendan Lemieux is hit by Valeri Nichushkin and loses puck.
18:33 of 1st period - Shot by Nathan Mackinnon.
18:33 of 1st period - Stopped by Logan Thompson with a rebound.
18:35 of 1st period - Shot by Nathan Mackinnon.
18:35 of 1st period - Shot Blocked by Riley Stillman.
18:37 of 1st period - Shot by Jamie Benn.
18:37 of 1st period - Shot Blocked by Nikolai Knyzhov.
19:31 of 1st period - Shot by Devon Toews.
19:31 of 1st period - Shot Blocked by Nikolai Knyzhov.
19:33 of 1st period - Shot by Erik Karlsson.
19:33 of 1st period - Shot Misses the Net.
19:35 of 1st period - Shot by Noah Gregor.
19:35 of 1st period - Stopped by Logan Thompson without a rebound.
19:36 of 1st period - Jeff Skinner wins face-off versus Mike Amadio in NEW YORK Islanders zone.
19:55 of 1st period - Icing by Gabriel Landeskog.
19:56 of 1st period - Mike Amadio wins face-off versus Josh Bailey in DETROIT Red Wings zone.
19:56 of 1st period - Mike Amadio is hit by Anthony Duclair.
Goals for this period are 0 for NEW YORK Islanders vs 2 for DETROIT Red Wings.
Shots for this period are 9 for NEW YORK Islanders vs 9 for DETROIT Red Wings.

2nd period


0:01 of 2nd period - Jamie Benn wins face-off versus Jeff Skinner in neutral zone.
0:10 of 2nd period - Shot by Mikko Rantanen.
0:10 of 2nd period - Stopped by Logan Thompson without a rebound.
0:11 of 2nd period - Josh Bailey wins face-off versus Jamie Benn in NEW YORK Islanders zone.
0:32 of 2nd period - Shot by Jamie Benn.
0:32 of 2nd period - Stopped by Logan Thompson without a rebound.
0:33 of 2nd period - Mark Stone wins face-off versus Jeff Skinner in NEW YORK Islanders zone.
0:56 of 2nd period - Jake Bean is hit by Adam Pelech and loses puck.
1:30 of 2nd period - Shot by Josh Bailey.
1:30 of 2nd period - Stopped by Elvis Merzlikins with a rebound.
1:32 of 2nd period - Shot by Anthony Duclair.
1:32 of 2nd period - Stopped by Elvis Merzlikins without a rebound.
1:33 of 2nd period - Vincent Trocheck wins face-off versus Jamie Benn in DETROIT Red Wings zone.
1:37 of 2nd period - Vincent Trocheck is hit by Devon Toews and loses puck.
1:44 of 2nd period - Shot by Ilya Mikheyev.
1:44 of 2nd period - Shot Blocked by Erik Karlsson.
1:46 of 2nd period - Shot by Kevin Shattenkirk.
1:46 of 2nd period - Shot Misses the Net.
1:48 of 2nd period - Shot by Brendan Leipsic.
1:48 of 2nd period - Stopped by Elvis Merzlikins without a rebound.
1:49 of 2nd period - Josh Bailey wins face-off versus Mike Amadio in DETROIT Red Wings zone.
2:16 of 2nd period - Shot by Anthony Duclair.
2:16 of 2nd period - Shot Blocked by Tanner Jeannot.
2:23 of 2nd period - Off-side.
2:24 of 2nd period - Jamie Benn wins face-off versus Jeff Skinner in neutral zone.
2:27 of 2nd period - Kyle Palmieri is hit by Jamie Benn and loses puck.
2:53 of 2nd period - Kevin Shattenkirk is hit by Mikko Rantanen and loses puck.
3:09 of 2nd period - Erik Karlsson is hit by Kyle Palmieri and loses puck.
3:33 of 2nd period - Shot by Vincent Trocheck.
3:33 of 2nd period - Deflect By Brendan Leipsic.
3:33 of 2nd period - Shot Misses the Net.
3:35 of 2nd period - Shot by Brendan Leipsic.
3:35 of 2nd period - Stopped by Elvis Merzlikins with a rebound.
3:37 of 2nd period - Shot by Ilya Mikheyev.
3:37 of 2nd period - Stopped by Elvis Merzlikins without a rebound.
3:38 of 2nd period - Mark Stone wins face-off versus Patrik Laine in DETROIT Red Wings zone.
3:38 of 2nd period - Valeri Nichushkin is hit by Patrik Laine and loses puck.
3:44 of 2nd period - Off-side.
3:45 of 2nd period - Drake Batherson wins face-off versus Josh Bailey in neutral zone.
3:47 of 2nd period - Off-side.
3:48 of 2nd period - Josh Bailey wins face-off versus Drake Batherson in neutral zone.
4:46 of 2nd period - Icing by Anthony Duclair.
4:47 of 2nd period - Josh Bailey wins face-off versus Jamie Benn in NEW YORK Islanders zone.
5:01 of 2nd period - Off-side.
5:02 of 2nd period - Jeff Skinner wins face-off versus Mike Amadio in neutral zone.
5:07 of 2nd period - Shot by Jeff Skinner.
5:07 of 2nd period - Shot Misses the Net.
5:11 of 2nd period - Shot by Jeff Skinner.
5:11 of 2nd period - Shot Misses the Net.
5:37 of 2nd period - Shot by Jeff Skinner.
5:37 of 2nd period - Shot Misses the Net.
5:42 of 2nd period - Minor Penalty to Zach Whitecloud for Roughing.
5:43 of 2nd period - Jamie Benn wins face-off versus Josh Bailey in DETROIT Red Wings zone.
7:06 of 2nd period - Shot by Patrik Laine.
7:06 of 2nd period - Shot Blocked by Erik Karlsson.
7:08 of 2nd period - Shot by Nikolai Knyzhov.
7:08 of 2nd period - Stopped by Elvis Merzlikins with a rebound.
7:10 of 2nd period - Shot by Josh Bailey.
7:10 of 2nd period - Shot Misses the Net.
8:10 of 2nd period - Off-side.
8:11 of 2nd period - Nicklas Backstrom wins face-off versus Noah Gregor in neutral zone.
8:16 of 2nd period - Shot by Alexander Radulov.
8:16 of 2nd period - Shot Misses the Net.
8:48 of 2nd period - Shot by Jamie Benn.
8:48 of 2nd period - Shot Hit the Post.
9:07 of 2nd period - Shot by Drake Batherson.
9:07 of 2nd period - Stopped by Logan Thompson without a rebound.
9:08 of 2nd period - Mike Amadio wins face-off versus Jeff Skinner in NEW YORK Islanders zone.
9:25 of 2nd period - Tanner Jeannot is hit by Kyle Palmieri and loses puck.
9:36 of 2nd period - Shot by Kyle Palmieri.
9:36 of 2nd period - Shot Misses the Net.
9:38 of 2nd period - Shot by Marco Scandella.
9:38 of 2nd period - Goal by Marco Scandella - NEW YORK Islanders : 1 - DETROIT Red Wings : 2.
9:39 of 2nd period - Vincent Trocheck wins face-off versus Drake Batherson in neutral zone.
9:41 of 2nd period - Adam Pelech is hit by Morgan Rielly and loses puck.
9:54 of 2nd period - Shot by Ilya Mikheyev.
9:54 of 2nd period - Shot Misses the Net.
9:56 of 2nd period - Shot by Ilya Mikheyev.
9:56 of 2nd period - Stopped by Elvis Merzlikins with a rebound.
10:08 of 2nd period - Shot by Mark Stone.
10:08 of 2nd period - Stopped by Logan Thompson without a rebound.
10:09 of 2nd period - Jeff Skinner wins face-off versus Jamie Benn in NEW YORK Islanders zone.
10:16 of 2nd period - Devon Toews is hit by Kyle Palmieri and loses puck.
10:49 of 2nd period - Shot by Nathan Mackinnon.
10:49 of 2nd period - Stopped by Logan Thompson with a rebound.
10:51 of 2nd period - Shot by Mikko Rantanen.
10:51 of 2nd period - Shot Blocked by Adam Henrique.
10:53 of 2nd period - Shot by Erik Karlsson.
10:53 of 2nd period - Stopped by Logan Thompson without a rebound.
10:54 of 2nd period - Drake Batherson wins face-off versus Josh Bailey in NEW YORK Islanders zone.
10:55 of 2nd period - Shot by Mark Stone.
10:55 of 2nd period - Stopped by Logan Thompson with a rebound.
11:11 of 2nd period - Shot by Valeri Nichushkin.
11:11 of 2nd period - Stopped by Logan Thompson without a rebound.
11:12 of 2nd period - Mike Amadio wins face-off versus Vincent Trocheck in NEW YORK Islanders zone.
11:53 of 2nd period - Shot by Brendan Leipsic.
11:53 of 2nd period - Shot Misses the Net.
12:12 of 2nd period - Icing by Calle Rosen.
12:13 of 2nd period - Jeff Skinner wins face-off versus Jamie Benn in NEW YORK Islanders zone.
12:17 of 2nd period - Icing by Kyle Palmieri.
12:18 of 2nd period - Jeff Skinner wins face-off versus Jamie Benn in NEW YORK Islanders zone.
12:22 of 2nd period - Off-side.
12:23 of 2nd period - Jamie Benn wins face-off versus Jeff Skinner in neutral zone.
12:26 of 2nd period - Minor Penalty to Kevin Shattenkirk for Tripping.
12:27 of 2nd period - Jamie Benn wins face-off versus Kyle Palmieri in NEW YORK Islanders zone.
12:27 of 2nd period - Jamie Benn is hit by Marco Scandella.
12:37 of 2nd period - Shot by Devon Toews.
12:37 of 2nd period - Shot Misses the Net.
12:39 of 2nd period - Shot by Mikko Rantanen.
12:39 of 2nd period - Shot Misses the Net.
12:41 of 2nd period - Shot by Devon Toews.
12:41 of 2nd period - Shot Misses the Net.
12:43 of 2nd period - Shot by Jamie Benn.
12:43 of 2nd period - Stopped by Logan Thompson without a rebound.
12:44 of 2nd period - Drake Batherson wins face-off versus Kyle Palmieri in NEW YORK Islanders zone.
12:59 of 2nd period - Shot by Morgan Rielly.
12:59 of 2nd period - Stopped by Logan Thompson without a rebound.
13:00 of 2nd period - Jamie Benn wins face-off versus Kyle Palmieri in NEW YORK Islanders zone.
13:05 of 2nd period - Shot by Nathan Mackinnon.
13:05 of 2nd period - Shot Misses the Net.
13:07 of 2nd period - Shot by Erik Karlsson.
13:07 of 2nd period - Shot Blocked by Marco Scandella.
13:11 of 2nd period - Shot by Mikko Rantanen.
13:11 of 2nd period - Goal by Mikko Rantanen - NEW YORK Islanders : 1 - DETROIT Red Wings : 3.
13:12 of 2nd period - Josh Bailey wins face-off versus Jamie Benn in neutral zone.
13:36 of 2nd period - Erik Karlsson is hit by Patrik Laine and loses puck.
13:41 of 2nd period - Josh Bailey is hit by Jamie Benn and loses puck.
14:22 of 2nd period - Shot by Calle Rosen.
14:22 of 2nd period - Shot Misses the Net.
14:50 of 2nd period - Shot by Kyle Palmieri.
14:50 of 2nd period - Stopped by Elvis Merzlikins with a rebound.
15:36 of 2nd period - Shot by Brendan Leipsic.
15:36 of 2nd period - Shot Misses the Net.
15:38 of 2nd period - Shot by Vincent Trocheck.
15:38 of 2nd period - Goal by Vincent Trocheck - NEW YORK Islanders : 2 - DETROIT Red Wings : 3.
15:39 of 2nd period - Nicklas Backstrom wins face-off versus Jamie Benn in neutral zone.
16:31 of 2nd period - Jamie Benn is hit by Adam Pelech and loses puck.
16:53 of 2nd period - Shot by Kyle Palmieri.
16:53 of 2nd period - Shot Misses the Net.
17:05 of 2nd period - Shot by Kyle Palmieri.
17:05 of 2nd period - Stopped by Elvis Merzlikins without a rebound.
17:06 of 2nd period - Mike Amadio wins face-off versus Josh Bailey in DETROIT Red Wings zone.
17:06 of 2nd period - Tanner Jeannot is hit by Anthony Duclair and loses puck.
17:11 of 2nd period - Shot by Josh Bailey.
17:11 of 2nd period - Stopped by Elvis Merzlikins without a rebound.
17:12 of 2nd period - Mike Amadio wins face-off versus Josh Bailey in DETROIT Red Wings zone.
17:26 of 2nd period - Shot by Mike Amadio.
17:26 of 2nd period - Shot Misses the Net.
17:28 of 2nd period - Shot by Tanner Jeannot.
17:28 of 2nd period - Stopped by Logan Thompson without a rebound.
17:29 of 2nd period - Vincent Trocheck wins face-off versus Drake Batherson in NEW YORK Islanders zone.
17:34 of 2nd period - Jake Bean is hit by Vincent Trocheck and loses puck.
17:40 of 2nd period - Mark Stone is hit by Vincent Trocheck and loses puck.
18:01 of 2nd period - Shot by Drake Batherson.
18:01 of 2nd period - Shot Misses the Net.
18:20 of 2nd period - Brendan Leipsic is hit by Tanner Jeannot and loses puck.
19:50 of 2nd period - Shot by Jeff Skinner.
19:50 of 2nd period - Stopped by Elvis Merzlikins without a rebound.
19:51 of 2nd period - Josh Bailey wins face-off versus Drake Batherson in DETROIT Red Wings zone.
Goals for this period are 2 for NEW YORK Islanders vs 1 for DETROIT Red Wings.
Shots for this period are 13 for NEW YORK Islanders vs 12 for DETROIT Red Wings.

3rd period


0:01 of 3rd period - Jeff Skinner wins face-off versus Jamie Benn in neutral zone.
0:01 of 3rd period - Kyle Palmieri is hit by Mikko Rantanen and loses puck.
0:08 of 3rd period - Shot by Jeff Skinner.
0:08 of 3rd period - Shot Misses the Net.
0:10 of 3rd period - Shot by Adam Henrique.
0:10 of 3rd period - Shot Misses the Net.
0:25 of 3rd period - Adam Henrique is hit by Devon Toews and loses puck.
0:40 of 3rd period - Shot by Kyle Palmieri.
0:40 of 3rd period - Goal by Kyle Palmieri - NEW YORK Islanders : 3 - DETROIT Red Wings : 3.
0:41 of 3rd period - Drake Batherson wins face-off versus Josh Bailey in neutral zone.
0:41 of 3rd period - Morgan Rielly is hit by Josh Bailey and loses puck.
1:11 of 3rd period - Icing by Calle Rosen.
1:12 of 3rd period - Josh Bailey wins face-off versus Gabriel Landeskog in NEW YORK Islanders zone.
1:54 of 3rd period - Minor Penalty to Sami Niku for Hooking.
1:55 of 3rd period - Jamie Benn wins face-off versus Jeff Skinner in DETROIT Red Wings zone.
2:13 of 3rd period - Shot by Adam Henrique.
2:13 of 3rd period - Shot Misses the Net.
2:39 of 3rd period - Shot by Devon Toews.
2:39 of 3rd period - Shot Blocked by Kevin Shattenkirk.
2:41 of 3rd period - Shot by Devon Toews.
2:41 of 3rd period - Stopped by Logan Thompson without a rebound.
2:42 of 3rd period - Josh Bailey wins face-off versus Jamie Benn in NEW YORK Islanders zone.
3:12 of 3rd period - Shot by Josh Bailey.
3:12 of 3rd period - Shot Blocked by Jake Bean.
3:42 of 3rd period - Shot by Kyle Palmieri.
3:42 of 3rd period - Shot Misses the Net.
3:44 of 3rd period - Shot by Adam Henrique.
3:44 of 3rd period - Deflect By Kyle Palmieri.
3:44 of 3rd period - Shot Blocked by Morgan Rielly.
3:52 of 3rd period - Shot by Jeff Skinner.
3:52 of 3rd period - Deflect By Adam Henrique.
3:52 of 3rd period - Shot Blocked by Morgan Rielly.
5:44 of 3rd period - Kevin Shattenkirk is hit by Jamie Benn and loses puck.
6:03 of 3rd period - Morgan Rielly is hit by Kyle Palmieri and loses puck.
6:40 of 3rd period - Mark Stone is hit by Kyle Palmieri and loses puck.
6:59 of 3rd period - Off-side.
7:00 of 3rd period - Ilya Mikheyev wins face-off versus Mike Amadio in neutral zone.
7:09 of 3rd period - Shot by Vincent Trocheck.
7:09 of 3rd period - Stopped by Elvis Merzlikins without a rebound.
7:10 of 3rd period - Jamie Benn wins face-off versus Josh Bailey in DETROIT Red Wings zone.
7:16 of 3rd period - Off-side.
7:17 of 3rd period - Jamie Benn wins face-off versus Josh Bailey in neutral zone.
7:26 of 3rd period - Shot by Erik Karlsson.
7:26 of 3rd period - Shot Blocked by Nikolai Knyzhov.
7:33 of 3rd period - Patrik Laine is hit by Devon Toews and loses puck.
8:10 of 3rd period - Minor Penalty to Devon Toews for Hooking.
8:11 of 3rd period - Drake Batherson wins face-off versus Jeff Skinner in DETROIT Red Wings zone.
9:53 of 3rd period - Sami Niku is hit by Patrik Laine and loses puck.
10:19 of 3rd period - Shot by Ilya Mikheyev.
10:19 of 3rd period - Shot Misses the Net.
10:27 of 3rd period - Off-side.
10:28 of 3rd period - Nicklas Backstrom wins face-off versus Noah Gregor in neutral zone.
10:42 of 3rd period - Sami Niku is hit by Marco Scandella and loses puck.
10:54 of 3rd period - Marco Scandella is hit by Jamie Benn and loses puck.
12:20 of 3rd period - Icing by Nikolai Knyzhov.
12:21 of 3rd period - Mike Amadio wins face-off versus Jeff Skinner in NEW YORK Islanders zone.
12:30 of 3rd period - Shot by Gabriel Landeskog.
12:30 of 3rd period - Stopped by Logan Thompson without a rebound.
12:31 of 3rd period - Jamie Benn wins face-off versus Anthony Duclair in NEW YORK Islanders zone.
12:36 of 3rd period - Shot by Mikko Rantanen.
12:36 of 3rd period - Stopped by Logan Thompson without a rebound.
12:37 of 3rd period - Josh Bailey wins face-off versus Mike Amadio in NEW YORK Islanders zone.
12:56 of 3rd period - Off-side.
12:57 of 3rd period - Vincent Trocheck wins face-off versus Jamie Benn in neutral zone.
13:16 of 3rd period - Shot by Mikko Rantanen.
13:16 of 3rd period - Deflect By Nathan Mackinnon.
13:16 of 3rd period - Goal by Nathan Mackinnon - NEW YORK Islanders : 3 - DETROIT Red Wings : 4.
13:17 of 3rd period - Mark Stone wins face-off versus Josh Bailey in neutral zone.
13:28 of 3rd period - Shot by Erik Karlsson.
13:28 of 3rd period - Shot Blocked by Kevin Shattenkirk.
13:32 of 3rd period - Shot by Mark Stone.
13:32 of 3rd period - Shot Misses the Net.
13:34 of 3rd period - Shot by Mark Stone.
13:34 of 3rd period - Stopped by Logan Thompson without a rebound.
13:35 of 3rd period - Jamie Benn wins face-off versus Jeff Skinner in NEW YORK Islanders zone.
13:42 of 3rd period - Shot by Nathan Mackinnon.
13:42 of 3rd period - Shot Misses the Net.
13:45 of 3rd period - Icing by Calle Rosen.
13:46 of 3rd period - Jeff Skinner wins face-off versus Jamie Benn in NEW YORK Islanders zone.
14:19 of 3rd period - Shot by Nathan Mackinnon.
14:19 of 3rd period - Stopped by Logan Thompson without a rebound.
14:20 of 3rd period - Drake Batherson wins face-off versus Josh Bailey in NEW YORK Islanders zone.
14:20 of 3rd period - Valeri Nichushkin is hit by Marco Scandella and loses puck.
14:49 of 3rd period - Icing by Morgan Rielly.
14:50 of 3rd period - Drake Batherson wins face-off versus Vincent Trocheck in DETROIT Red Wings zone.
14:57 of 3rd period - Shot by Drake Batherson.
14:57 of 3rd period - Stopped by Logan Thompson without a rebound.
14:58 of 3rd period - Jeff Skinner wins face-off versus Jamie Benn in NEW YORK Islanders zone.
15:09 of 3rd period - Shot by Adam Henrique.
15:09 of 3rd period - Stopped by Elvis Merzlikins without a rebound.
15:10 of 3rd period - Josh Bailey wins face-off versus Jamie Benn in DETROIT Red Wings zone.
15:17 of 3rd period - Shot by Josh Bailey.
15:17 of 3rd period - Shot Blocked by Devon Toews.
16:11 of 3rd period - Minor Penalty to Drake Batherson for Hooking.
16:12 of 3rd period - Mike Amadio wins face-off versus Jeff Skinner in DETROIT Red Wings zone.
16:40 of 3rd period - Icing by Adam Pelech.
16:41 of 3rd period - Jamie Benn wins face-off versus Jeff Skinner in NEW YORK Islanders zone.
16:48 of 3rd period - Shot by Jamie Benn.
16:48 of 3rd period - Shot Misses the Net.
17:22 of 3rd period - Off-side.
17:23 of 3rd period - Jamie Benn wins face-off versus Josh Bailey in neutral zone.
17:29 of 3rd period - Icing by Patrik Laine.
17:30 of 3rd period - Jamie Benn wins face-off versus Josh Bailey in NEW YORK Islanders zone.
17:47 of 3rd period - Shot by Patrik Laine.
17:47 of 3rd period - Deflect By Anthony Duclair.
17:47 of 3rd period - Stopped by Elvis Merzlikins without a rebound.
17:48 of 3rd period - Jeff Skinner wins face-off versus Jamie Benn in DETROIT Red Wings zone.
18:02 of 3rd period - Shot by Jeff Skinner.
18:02 of 3rd period - Deflect By Kyle Palmieri.
18:02 of 3rd period - Stopped by Elvis Merzlikins without a rebound.
18:03 of 3rd period - Adam Henrique wins face-off versus Jamie Benn in DETROIT Red Wings zone.
18:28 of 3rd period - Shot by Brendan Leipsic.
18:28 of 3rd period - Shot Blocked by Valeri Nichushkin.
18:34 of 3rd period - Ilya Mikheyev is hit by Drake Batherson and loses puck.
19:40 of 3rd period - Icing by Riley Stillman.
19:41 of 3rd period - Vincent Trocheck wins face-off versus Jamie Benn in NEW YORK Islanders zone.
19:54 of 3rd period - Shot by Erik Karlsson.
19:54 of 3rd period - Shot Misses the Net.
Goals for this period are 1 for NEW YORK Islanders vs 1 for DETROIT Red Wings.
Shots for this period are 5 for NEW YORK Islanders vs 7 for DETROIT Red Wings.